 Seeded DCSS version 0.30-a0-377-g5cb311bc9f (webtiles) character file.

Game seed: 11307214385629556089 (custom seed)

305 purpskrrrp the Cutter (level 6, 0/51 (52) HPs)
             Began as a Minotaur Monk on Nov 28, 2022.
             Succumbed to Crazy Yiuf's poison
             ... on level 3 of the Dungeon.
             The game lasted 00:03:13 (2431 turns).

purpskrrrp the Cutter (Minotaur Monk)               Turns: 2431, Time: 00:03:14

HP:   0/51 (52)     AC:  7    Str: 16    XL:     6   Next: 15%
MP:   5/5           EV: 13    Int:  7    God:
Gold: 191           SH:  4    Dex: 20    Spells: 5/5 levels left

rFire   . . .      SeeInvis .    a - +0 falchion
rCold   . . .      Faith    .    l - +0 buckler
rNeg    + . .      Spirit   .    d - +3 leather armour
rPois   .          Reflect  .    (helmet restricted)
rElec   .          Harm     .    (no cloak)
rCorr   .          Rampage  .    (no gloves)
Will    .....                    f - +0 pair of boots
Stlth   ++........               g - amulet of the acrobat
HPRegen 0.28/turn                o - +6 ring of dexterity
MPRegen 0.09/turn                h - ring of positive energy

@: lethally poisoned (0 -> -6), hasted, lightly drained, very quick
A: horns 2, retaliatory headbutt
a: no special abilities


You were on level 3 of the Dungeon.
You visited 1 branch of the dungeon, and saw 3 of its levels.

You collected 191 gold pieces.

Inventory:

Hand Weapons
 a - a +0 falchion (weapon)
Armour
 b - a +0 robe
 d - a +3 leather armour (worn)
 f - a +0 pair of boots (worn)
 l - a +0 buckler (worn)
Jewellery
 g - an amulet of the acrobat (around neck)
 h - a ring of positive energy (right hand)
 o - a +6 ring of dexterity (left hand)
 q - a ring of fire
Wands
 v - a wand of charming (12)
Scrolls
 i - a scroll of enchant weapon {unknown}
 j - 6 scrolls of identify {unknown}
 p - 3 scrolls of fear {unknown}
 r - a scroll of teleportation {unknown}
 w - a scroll of silence {unknown}
Potions
 e - 2 potions of flight {unknown}
 k - a potion of degeneration {unknown}
 m - a potion of curing {unknown}
 n - a potion of heal wounds {unknown}
 s - a potion of haste {unknown}
 t - a potion of brilliance {unknown}
 u - a potion of mutation {unknown}


   Skills:
 - Level 3.6 Fighting
 + Level 6.7(7.1) Short Blades
 - Level 3.6(5.9) Long Blades
 - Level 3.3 Dodging
 - Level 1.6 Stealth


You had 5 spell levels left.
You didn't know any spells.
Your spell library contained the following spells:

 Spells                   Type           Power      Damage    Failure   Level
 Sublimation of Blood     Necr           0%         N/A       75%         2
 Wereblood                Tmut           0%         N/A       75%         2
 Gell's Gravitas          Tloc           0%         N/A       93%         3
 Inner Flame              Hex/Fire       0%         N/A       93%         3
 Lesser Beckoning         Tloc           0%         N/A       93%         3
 Teleport Other           Tloc           0%         N/A       93%         3
 Cause Fear               Hex            0%         N/A       100%        4
 Summon Hydra             Summ           0%         N/A       100%        7
 Discord                  Hex            0%         N/A       100%        8


Dungeon Overview and Level Annotations

Branches:
Dungeon (3/15)

Altars:


Innate Abilities, Weirdness & Mutations

You have a pair of horns on your head.
You reflexively headbutt those who attack you in melee.


Message History

You hit Crazy Yiuf.
Crazy Yiuf is heavily wounded.
Crazy Yiuf hits you with a +4 quarterstaff of chaos!
* * * LOW HITPOINT WARNING * * *
You are lethally poisoned!
You bump into the tree.
* * * LOW HITPOINT WARNING * * *
You feel very sick. Crazy Yiuf closely misses you.
You bump into the stone wall.
* * * LOW HITPOINT WARNING * * *
You feel very sick. Crazy Yiuf closely misses you.
You barely miss Crazy Yiuf.
Crazy Yiuf is heavily wounded.
* * * LOW HITPOINT WARNING * * *
You feel very sick.
Crazy Yiuf says, "Pitchfork!"
Crazy Yiuf hits you with a +4 quarterstaff of chaos.
* * * LOW HITPOINT WARNING * * *
You feel yourself speed up.
You are too confused!
You bump into the tree.
* * * LOW HITPOINT WARNING * * *
You feel sick.
Crazy Yiuf hits you with a +4 quarterstaff of chaos.
* * * LOW HITPOINT WARNING * * *
You hit Crazy Yiuf.
Crazy Yiuf is severely wounded.
You feel less invigorated.
You feel less confused.
* * * LOW HITPOINT WARNING * * *
You feel sick.
You hit Crazy Yiuf but do no damage. You headbutt Crazy Yiuf.
Crazy Yiuf is almost dead.
* * * LOW HITPOINT WARNING * * *
You feel sick. You block Crazy Yiuf's attack.
You hit Crazy Yiuf.
You kill Crazy Yiuf!
You die...

#.###......†.##.....###
#.........####.....>.##
#####....## #.........#
###### ###.......'
#.......#
♣♣♣♣♣##...<..## ###
♣♣♣.♣.P.......###
#...#♣..♣..P......## #
#...)@♣♣♣♣......+## #
#)..#♣♣ ♣♣P...#.# # ###
♣♣####.#### #.)))..#
##...#.## ###
###........ #.#
#.##...#.##
#.#####.###.##.#
#...........##.#


There were no monsters in sight!

Vanquished Creatures
  Grinder (D:3)
  Crazy Yiuf (D:3)
  3 adders
  A worm (D:2)
  A dart slug (D:3)
  7 orcs (D:3)
  7 ball pythons
  4 endoplasms
  3 giant cockroaches
  6 goblins
  6 hobgoblins
  3 jackals (D:1)
  2 kobolds (D:3)
  2 quokkas
  7 bats
  3 frilled lizards
  4 rats
61 creatures vanquished.

Vanquished Creatures (others)
  2 fungi (D:3)
2 creatures vanquished.

Grand Total: 63 creatures vanquished

Notes
Turn   | Place    | Note
-------+----------+-------------------------------------------
     0 | D:1      | purpskrrrp the Minotaur Monk began the quest for the Orb.
     0 | D:1      | Reached XP level 1. HP: 19/19 MP: 0/0
   217 | D:1      | Reached skill level 1 in Short Blades
   284 | D:1      | Reached XP level 2. HP: 27/27 MP: 1/1
   321 | D:1      | Reached skill level 2 in Short Blades
   686 | D:1      | Reached XP level 3. HP: 33/33 MP: 2/2
   846 | D:2      | Reached skill level 3 in Short Blades
  1600 | D:3      | Reached skill level 4 in Short Blades
  1600 | D:3      | Reached XP level 4. HP: 36/40 MP: 3/3
  1883 | D:3      | Noticed Grinder
  1893 | D:3      | Paralysed by Grinder for 4 turns
  1897 | D:3      | Killed Grinder
  1898 | D:3      | Reached skill level 6 in Short Blades
  1898 | D:3      | Reached XP level 5. HP: 30/46 MP: 4/4
  1898 | D:3      | Reached XP level 6. HP: 34/52 MP: 5/5
  2408 | D:3      | Found a runed translucent door.
  2409 | D:3      | Noticed Crazy Yiuf
  2421 | D:3      | HP: 1/51 [Crazy Yiuf/+4 quarterstaff of chaos (6)]
  2428 | D:3      | HP: 1/51 [Crazy Yiuf/+4 quarterstaff of chaos (3)]
  2431 | D:3      | Killed Crazy Yiuf
  2431 | D:3      | Succumbed to Crazy Yiuf's poison

Illustrated notes

Levels and vault maps discovered:
D:1:      lemuel_arrival_rhombus, layout_basic
D:2:      layout_loops_ring, minmay_misc_feat_secret_circle,
          minmay_split_cup_large
D:3:      layout_loops_corners, chequers_serial_rivers_micro_d,
          uniq_crazy_yiuf_cottage, uniq_grinder

Skill      XL: |  1  2  3  4 |
---------------+-------------+-----
Short Blades   | 1 2 4 6 |  6.7
Fighting       | |  3.6
Long Blades    | |  3.6
Dodging        | |  3.3
Stealth        | |  1.6

Action                   |  1- 3 |  4- 6 || total
-------------------------+-------+-------++-------
Melee: Falchion          |   104 |    47 ||   151
       Headbutt          |     8 |    14 ||    22
       Punch             |     1 |       ||     1
  Use: Potion            |       |     1 ||     1
 Stab: Sleeping          |     6 |     1 ||     7
       Distracted        |       |     1 ||     1
Armor: Leather armour    |    24 |     2 ||    26
Dodge: Dodged            |    71 |    20 ||    91
Block: Buckler           |     4 |     5 ||     9

Table legend: (Time is in decaauts)
 A = Elapsed time spent in this place.
 B = Non-inter-level travel time spent in this place.
 C = Inter-level travel time spent in this place.
 D = Time resting spent in this place.
 E = Time spent auto-exploring this place.
 F = Levels seen in this place.
 G = Mean time per level.
                   A        B        C        D        E       F      G
               +--------+--------+--------+--------+--------+-----+--------+
         Total |   2444 |   2390 |     54 |      0 |   1930 |   3 |  814.7 |
       Dungeon |   2444 |   2390 |     54 |      0 |   1930 |   3 |  814.7 |
               +--------+--------+--------+--------+--------+-----+--------+

Top non-repeatable levels by time:
     D:3: 994 daAuts
     D:1: 753 daAuts
     D:2: 696 daAuts
